 Dungeon Crawl Stone Soup version 0.21-a0-630-g344d351 (webtiles) character file.

784 zero the Covert (level 7, -2/32 HPs)
             Began as a Spriggan Enchanter on Dec 26, 2017.
             Shot with an arrow by a centaur (6 damage)
             ... on level 6 of the Dungeon.
             The game lasted 00:11:41 (6747 turns).

zero the Covert (Spriggan Enchanter)                Turns: 6747, Time: 00:11:41

Health: -2/32      AC:  4    Str:  4    XL:     7   Next: 55%
Magic:  9/15       EV: 18    Int: 19    God:
Gold:   329        SH:  2    Dex: 16    Spells: 10/16 levels left

rFire    . . .     SeeInvis +   a - +2 dagger
rCold    . . .     Gourm    .   (shield restricted)
rNeg     . . .     Faith    .   b - +0 robe
rPois    .         Spirit   .   (helmet restricted)
rElec    .         Reflect  +   i - +1 cloak
rCorr    .         Harm     .   (gloves unavailable)
MR       ++...                  (boots unavailable)
Stlth    ++++......             k - +2 amulet of reflection
HPRegen  0.10/turn              m - ring of protection from magic
MPRegen  0.14/turn              (no ring)

@: very quick
A: very small, unfitting armour, see invisible, herbivore, speed 3, slow
metabolism 2
a: no special abilities


You were on level 6 of the Dungeon.
You were not hungry.

You visited 1 branch of the dungeon, and saw 6 of its levels.
You also visited: Sewer.

You collected 329 gold pieces.

Inventory:

Hand Weapons
 a - a +2 dagger (weapon)
Armour
 b - a +0 robe (worn)
 i - a +1 cloak (worn)
Jewellery
 k - a +2 amulet of reflection (around neck)
 m - a ring of protection from magic (left hand)
Wands
 t - a wand of iceblast (7)
Scrolls
 e - 2 scrolls of remove curse
 l - 2 scrolls of fog
 n - 7 scrolls of identify
 p - 3 scrolls of teleportation
 u - 2 scrolls of enchant armour {unknown}
 v - a scroll of immolation {unknown}
Potions
 f - 6 potions of curing
 g - a potion of mutation {unknown}
 h - 3 potions of heal wounds
 j - 2 potions of ambrosia {unknown}
 o - a potion of might {unknown}
 q - 3 potions of magic
 r - a potion of brilliance {unknown}
 s - 2 potions of haste {unknown}
Books
 c - a book of Maledictions

   Spells                             Type                      Level
   a - Corona                         Hexes                        1
   b - Ensorcelled Hibernation        Hexes/Ice                    2
   c - Confuse                        Hexes                        3
   d - Tukima's Dance                 Hexes                        3
   e - Dazzling Spray                 Conjuration/Hexes            3
Comestibles
 d - 6 rations


   Skills:
 - Level 4.9 Short Blades
 - Level 3.0 Dodging
 - Level 8.2 Stealth
 - Level 5.3 Spellcasting
 + Level 6.1 Hexes


You had 10 spell levels left.
You knew the following spells:

 Your Spells              Type           Power        Failure   Level  Hunger
a - Corona                Hex            ####...      1%          1    None
b - Ensorcelled Hibernat  Hex/Ice        ###...       5%          2    None
c - Confuse               Hex            ####....     3%          3    ##.....


Dungeon Overview and Level Annotations

Branches:
Dungeon (6/15)
 Temple: D:4-7

Altars:
Cheibriados
Makhleb
Ru
Wu Jian
Zin

Annotations:
D:4 Gaball's ghost, amateur FoAK


Innate Abilities, Weirdness & Mutations

You are very small and have problems with some larger weapons.
You are too small for most types of armour.
You have supernaturally acute eyesight. (SInv)
You are a herbivore.
You cover ground extremely quickly.
You need consume almost no food.


Message History

Casting: Ensorcelled Hibernation
Confirm with . or Enter, or press ? or * to list all spells.
Aiming: Ensorcelled Hibernation
Press: ? - help, Shift-Dir - straight line, f/p - leopard gecko
Aim: a leopard gecko (moderately wounded, chance to defeat MR: 64%)
The leopard gecko looks drowsy...
The centaur shoots an arrow.
The arrow hits you!
The centaur shoots an arrow.
The arrow hits you!
* * * LOW HITPOINT WARNING * * *
The helpless leopard gecko fails to defend itself.
You skewer the leopard gecko like a kebab!!!
You kill the leopard gecko!
The centaur shoots an arrow.
The arrow misses you.
Found 12 gold pieces.
A necrophage comes into view.
You see here a small granite ring.
The centaur shoots an arrow.
The arrow misses you.
You see here 12 gold pieces.
You start resting.
The centaur shoots an arrow.
The arrow hits you.
You die...

## ##
.###.#
###.#.##
#..n...#
#.##.#.#
#.##.#.#
#.##@#.#
#n##...#
#.###c.#
#.$....#
####...##
+...=...###
###.......#
#.#..##.#
#.##.##.#


You could see a necrophage and a centaur.

Vanquished Creatures
  A phantom (D:4)
  A centaur (D:5)
  A bullfrog (D:3)
  A scorpion (D:4)
  A crimson imp (D:5)
  A centaur zombie (D:5)
  A hound (D:4)
  A centaur skeleton (D:3)
  2 orc wizards
  2 iguanas
  Ijyb (D:4)
  A worker ant (D:4)
  A hound skeleton (D:4)
  7 adders
  4 river rats
  An ooze (D:1)
  3 worms
  2 dart slugs (D:2)
  5 leopard geckos
  6 orcs
  7 giant cockroaches
  3 goblins
  10 hobgoblins
  7 jackals
  4 kobolds
  4 quokkas
  5 ball pythons
  5 bats
  14 frilled lizards
  A quokka zombie (D:5)
  11 rats
114 creatures vanquished.

Notes
Turn   | Place    | Note
-------+----------+-------------------------------------------
     0 | D:1      | zero the Spriggan Enchanter began the quest for the Orb.
     0 | D:1      | Reached XP level 1. HP: 9/9 MP: 5/5
   279 | D:1      | Reached XP level 2. HP: 13/13 MP: 6/6
   287 | D:1      | Learned a level 2 spell: Ensorcelled Hibernation
   291 | D:1      | Reached skill level 5 in Stealth
  1002 | D:2      | Found a sacrificial altar of Ru.
  1049 | D:2      | Reached XP level 3. HP: 16/16 MP: 8/8
  1054 | D:2      | Learned a level 3 spell: Confuse
  1774 | D:2      | Reached skill level 6 in Stealth
  2015 | D:3      | Reached XP level 4. HP: 12/21 MP: 9/9
  2150 | D:3      | Found a glowing silver altar of Zin.
  2194 | D:3      | Found a glowing drain.
  2568 | Sewer    | Entered a sewer
  2908 | Sewer    | Reached XP level 5. HP: 24/24 MP: 10/10
  3014 | D:3      | Reached skill level 7 in Stealth
  3154 | D:3      | HP: 1/24 [quokka (4)]
  3820 | D:3      | Reached skill level 8 in Stealth
  3820 | D:3      | Reached XP level 6. HP: 19/28 MP: 11/11
  4146 | D:4      | Found a burning altar of Makhleb.
  4165 | D:4      | Noticed Gaball's ghost (amateur FoAK)
  4208 | D:5      | Entered Level 5 of the Dungeon
  4356 | D:4      | Found a snail-covered altar of Cheibriados.
  4414 | D:4      | Noticed Ijyb
  4419 | D:4      | Killed Ijyb
  4447 | D:4      | Found an ornate altar of the Wu Jian Council.
  4578 | D:4      | Reached skill level 5 in Hexes
  4578 | D:4      | Reached XP level 7. HP: 13/32 MP: 7/14
  6226 | D:5      | Reached skill level 5 in Spellcasting
  6747 | D:6      | Shot with an arrow by a centaur

Vault maps used:
D:1:      co_arrival_random_square_maze
D:2:      nicolae_ru_the_path_less_chosen, kennysheep_generic_room_14
D:3:      lemuel_round_altar, cheibrodos_sewer_entry_sluice
D:4:      lemuel_doored_altar, lemuel_crystal_altar, kennysheep_mini_moat,
          serial_bayou_pond_a, grunt_ministairs_4, uniq_ijyb
D:5:      first_ration
D:6:      minmay_temple_entry_fiery
Sewer:    sewer_co_cracked_pipes

Skill      XL: |  1  2  3  4  5  6  7 |
---------------+----------------------+-----
Stealth        | 5 6 8 |  8.2
Short Blades   | 2 3 4 |  4.9
Spellcasting   | 4 5 |  5.3
Hexes          | 5 6 |  6.1
Dodging        | |  3.0

Action                   |  1- 3 |  4- 6 |  7- 9 || total
-------------------------+-------+-------+-------++-------
Melee: Dagger            |   154 |   242 |    88 ||   484
 Cast: Ensorcelled Hiber |    12 |    18 |    19 ||    49
       Confuse           |       |     5 |    13 ||    18
       Corona            |       |     2 |     1 ||     3
  Use: Scroll            |       |     7 |       ||     7
 Stab: Sleeping          |    23 |    26 |    13 ||    62
       Distracted        |     1 |     2 |       ||     3
       Confused          |       |     2 |     4 ||     6
  Eat: Ration            |       |     2 |     2 ||     4
Armor: Robe              |    17 |    29 |     5 ||    51
Dodge: Dodged            |   107 |   206 |    63 ||   376
Block: Other             |     6 |    15 |     3 ||    24
       Reflection        |       |       |     1 ||     1

Table legend:
 A = Spawn XP
 B = Non-spawn XP
 C = Spawn XP percentage of total XP
 D = Spawn monster count
 E = Non-spawn monster count
 F = Spawn count percentage of total count
 G = Total turns spent on level
                    A         B        C        D         E        F      G
               +---------+---------+-------+---------+---------+-------+---------
         Total |       0 |    1120 |   0.0 |       0 |     114 |   0.0 |  6747
               +---------+---------+-------+---------+---------+-------+---------
           D:1 |       0 |      38 |   0.0 |       0 |      20 |   0.0 |   979
           D:2 |       0 |      46 |   0.0 |       0 |      16 |   0.0 |  1120
           D:3 |       0 |     249 |   0.0 |       0 |      27 |   0.0 |  1858
           D:4 |       0 |     451 |   0.0 |       0 |      22 |   0.0 |  1439
           D:5 |       0 |     264 |   0.0 |       0 |       9 |   0.0 |   864
           D:6 |       0 |       5 |   0.0 |       0 |       2 |   0.0 |    57
         Sewer |       0 |      67 |   0.0 |       0 |      18 |   0.0 |   430
               +---------+---------+-------+---------+---------+-------+---------
